 Dungeon Crawl Stone Soup version 0.30.1-4-g462c640d31 (webtiles) character file.

Game seed: 15401693569027070227

472 Wiggles the Chopper (level 6, 0/56 HPs)
             Began as a Minotaur Berserker on Aug 14, 2023.
             Was a Believer of Trog.
             Slain by a gnoll sergeant
             ... wielding a +0 spear of flaming
              (2 damage)
             ... on level 4 of the Dungeon.
             The game lasted 00:04:38 (3492 turns).

Wiggles the Chopper (Minotaur Berserker)            Turns: 3492, Time: 00:04:39

Health: 0/56       AC:  9    Str: 24    XL:     6   Next: 83%
Magic:  5/5        EV:  9    Int:  4    God:    Trog [**....]
Gold:   169        SH:  0    Dex:  9    Spells: 5/5 levels left

rFire   . . .        a - +0 hand axe
rCold   . . .        (no shield)
rNeg    . . .        x - +0 chain mail
rPois   .            (helmet restricted)
rElec   .            (no cloak)
rCorr   .            (no gloves)
SInv    .            (no boots)
Will    +....        (no amulet) Stlth
                     t - ring of willpower
HPRegen 0.29/turn    (no ring)
MPRegen 0.09/turn

%: no passive effects
@: weakened, on berserk cooldown, slowed, very slow
A: horns 2, retaliatory headbutt
a: Renounce Religion, Berserk, Trog's Hand


You were on level 4 of the Dungeon.
You worshipped Trog.
Trog was pleased with you.
You visited 1 branch of the dungeon, and saw 4 of its levels.

You collected 169 gold pieces.

Inventory:

Hand Weapons
 a - a +0 hand axe (weapon)
Armour
 x - a +0 chain mail (worn)
Jewellery
 t - a ring of willpower (left hand)
Wands
 f - a wand of light (8)
 j - a wand of flame (15)
 p - a wand of digging (8)
Scrolls
 b - 2 scrolls of magic mapping {unknown}
 c - 10 scrolls of identify {unknown}
 h - a scroll of amnesia {unknown}
 k - a scroll of blinking {unknown}
 l - a scroll of silence {unknown}
 m - a scroll of noise {unknown}
 n - a scroll of torment {unknown}
 s - a scroll of acquirement {unknown}
 u - 3 scrolls of teleportation {unknown}
 v - a scroll of fog {unknown}
 y - a scroll of immolation {unknown}
Potions
 d - 2 potions of haste {unknown}
 e - a potion of flight {unknown}
 g - 3 potions of magic {unknown}
 i - 2 potions of curing {unknown}
 o - a potion of lignification {unknown}
 q - 4 potions of heal wounds {unknown}
 r - 2 potions of might {unknown}
 w - a potion of ambrosia {unknown}


   Skills:
 + Level 5.1 Fighting
 + Level 6.8 Axes
 + Level 4.7 Armour
 + Level 3.3 Dodging
 + Level 0.8 Stealth


You had 5 spell levels left.
You didn't know any spells.
Your spell library was empty.

Dungeon Overview and Level Annotations

Branches:
Dungeon (4/15)
 Temple: D:4-7

Altars:
Ashenzari
Fedhas
Ru

Shops:
D:2 [


Innate Abilities, Weirdness & Mutations

You have a pair of horns on your head.
You reflexively headbutt those who attack you in melee.


Message History

Things that are here:
a +0 whip; a +0 leather armour; a gnoll corpse You barely miss the gnoll sergeant.
You headbutt the gnoll sergeant.
The gnoll sergeant is moderately wounded.
The gnoll sergeant hits you with a +0 spear of flaming.
The gnoll sergeant burns you. The gnoll sergeant blocks your attack.
The gnoll sergeant is moderately wounded.
The gnoll sergeant hits you but does no damage.
You slash the gnoll sergeant!
The gnoll sergeant is heavily wounded.
The gnoll sergeant blocks your attack.
You headbutt the gnoll sergeant.
The gnoll sergeant is severely wounded.
The gnoll sergeant hits you with a +0 spear of flaming.
The gnoll sergeant burns you.
You hit the gnoll sergeant but do no damage.
The gnoll sergeant is severely wounded.
The gnoll sergeant hits you with a +0 spear of flaming.
The gnoll sergeant burns you.
You barely miss the gnoll sergeant.
The gnoll sergeant is severely wounded.
You are no longer berserk.
You are exhausted.
You feel yourself slow down.
You hit the gnoll sergeant but do no damage.
The gnoll sergeant is severely wounded.
The gnoll sergeant hits you with a +0 spear of flaming!
* * * LOW HITPOINT WARNING * * *
The gnoll sergeant burns you.
* * * LOW HITPOINT WARNING * * *
The gnoll sergeant hits you with a +0 spear of flaming.
* * * LOW HITPOINT WARNING * * *
The gnoll sergeant burns you.
* * * LOW HITPOINT WARNING * * *
You hit the gnoll sergeant but do no damage.
The gnoll sergeant is severely wounded.
The gnoll sergeant hits you with a +0 spear of flaming.
* * * LOW HITPOINT WARNING * * *
The gnoll sergeant burns you.
You die...

#....................#
#........#.......#####
#######.##.......#
##### ♣♣♣♣
####.......### #...#
..)♣ #...†.....#
###...# #.$♣♣
##........# ..#..##
..#....♣♣♣##.......#
#....#
..#..♣.))♣♣#..##...#
##.###
..'...g@)))...######
#.### ..#.♣...)♣♣#..#
##...## . #..).♣♣♣
#..# ......# #..♣♣
#### ####..# ...♣ #..#
♣♣♣♣ #>.# ####


You could see a gnoll sergeant (swift).

Vanquished Creatures
  Sigmund (D:4)
  A hound (D:4)
  Ijyb (D:2)
  Jessica (D:2)
  A gnoll bouda (D:4)
  An iguana (D:4)
  An adder (D:2)
  11 gnolls (D:4)
  2 orcs
  9 endoplasms
  2 giant cockroaches
  9 goblins
  7 hobgoblins
  3 jackals (D:2)
  2 quokkas (D:2)
  4 ball pythons
  6 bats
  3 frilled lizards
  6 kobolds
  7 rats
78 creatures vanquished.

Notes
Turn   | Place    | Note
-------+----------+-------------------------------------------
     0 | D:1      | Wiggles the Minotaur Berserker began the quest for the Orb.
     0 | D:1      | Reached XP level 1. HP: 19/19 MP: 0/0
   174 | D:1      | Reached XP level 2. HP: 27/27 MP: 1/1
   180 | D:1      | Reached skill level 4 in Axes
   516 | D:1      | Reached ** piety under Trog
   716 | D:1      | Found a faded altar of an unknown god.
   825 | D:2      | Reached XP level 3. HP: 25/33 MP: 2/2
   871 | D:2      | Noticed Ijyb
   887 | D:2      | Killed Ijyb
   888 | D:2      | Reached XP level 4. HP: 29/41 MP: 3/3
  1050 | D:2      | Found Ajofoc's Antique Armour Boutique.
  1495 | D:2      | Noticed Jessica
  1499 | D:2      | Killed Jessica
  1500 | D:2      | Reached skill level 5 in Axes
  2144 | D:3      | Found a sacrificial altar of Ru.
  2988 | D:4      | Noticed Sigmund
  2996 | D:4      | Killed Sigmund
  2997 | D:4      | Reached skill level 6 in Axes
  2997 | D:4      | Reached XP level 5. HP: 47/47 MP: 4/4
  2997 | D:4      | Reached XP level 6. HP: 55/55 MP: 5/5
  3212 | D:4      | Found a broken altar of Ashenzari.
  3219 | D:4      | Found a blossoming altar of Fedhas.
  3243 | D:4      | Reached skill level 5 in Fighting
  3459 | D:4      | Found the +4 consecrated labrys {holy, Valiant Fragile Fly
                  | SInv}
  3492 | D:4      | HP: 2/56 [gnoll sergeant/+0 spear of flaming (5)]
  3492 | D:4      | Slain by a gnoll sergeant

Illustrated notes

Levels and vault maps discovered:
D:1:      saegor_arrival_simple_a, layout_basic,
          dreamdust_ecumenical_altar_hidden_monk_grotto, dreamdust_wishing_well,
          minmay_misc_feat_x
D:2:      kennysheep_the_goblin_king, layout_basic, serial_shops, shop,
          uniq_jessica
D:3:      layout_basic, nicolae_ru_awakened_eye, corexii_shack,
          kennysheep_generic_room_14
D:4:      layout_basic, ashenzari_altar_1, minitemple, fedhas_altar_3,
          pf_guarded_unrand_woodcutter, uniq_sigmund

Skill      XL: |  1  2  3  4  5  6 |
---------------+-------------------+-----
Axes           | 4 6 |  6.8
Fighting       | 4 5 |  5.1
Armour         | 4 |  4.7
Dodging        | 3 |  3.3
Stealth        | |  0.8

Action                     |  1- 3 |  4- 6 || total
---------------------------+-------+-------++-------
  Melee: Hand axe          |    67 |    82 ||   149
         Headbutt          |    12 |    11 ||    23
         Punch             |     1 |       ||     1
 Invoke: Berserk           |     1 |     3 ||     4
 Armour: Ring mail         |    31 |    13 ||    44
         Animal skin       |     1 |       ||     1
         Chain mail        |       |     6 ||     6
  Dodge: Dodged            |    50 |    42 ||    92
